 Dungeon Crawl Stone Soup version 0.21.1 (webtiles) character file.

16583 Miyamura the Fighter (level 12, -1/147 HPs)
             Began as a Formicid Monk on Feb 4, 2018.
             Was an Elder of Makhleb.
             Slain by a yak (6 damage)
             ... on level 3 of the Lair of Beasts.
             The game lasted 00:28:33 (18227 turns).

Miyamura the Fighter (Formicid Monk)               Turns: 18227, Time: 00:28:34

Health: -1/147     AC: 33    Str: 18    XL:     12   Next: 72%
Magic:  12/12      EV:  2    Int: 11    God:    Makhleb [****..]
Gold:   601        SH:  6    Dex: 15    Spells: 11/11 levels left

rFire    . . .     SeeInvis .   x - +7 flail (protect)
rCold    + . .     Gourm    .   D - +0 buckler
rNeg     + + +     Faith    .   (armour currently unavailable)
rPois    +         Spirit   .   (helmet unavailable)
rElec    .         Reflect  .   (cloak currently unavailable)
rCorr    .         Harm     .   (gloves currently unavailable)
MR       ++...                  (boots currently unavailable)
Stlth    +++.......             (no amulet)
HPRegen  0.34/turn              t - ring of protection from cold
MPRegen  0.13/turn              q - ring of protection from magic

@: lethally poisoned (-1 -> -4), tree-form, protection aura
A: permanent stasis, dig shafts and tunnels, four strong arms
a: Minor Destruction, Lesser Servant of Makhleb, Major Destruction, Renounce
Religion


You were on level 3 of the Lair of Beasts.
You worshipped Makhleb.
Makhleb was greatly pleased with you.
You were not hungry.
You were a tree.
You visited 3 branches of the dungeon, and saw 15 of its levels.
You visited the Abyss 1 time.
You also visited: Sewer.

You collected 826 gold pieces.
You spent 225 gold pieces at shops.

Inventory:

Hand Weapons
 a - a +1 quarterstaff of draining
 f - a +2 short sword of venom
 h - a +0 great mace of protection
 x - a +7 flail of protection (weapon)
 M - a +0 battleaxe
Armour
 b - a +0 troll leather armour (melded)
 r - a +0 cloak (melded)
 s - a +0 pair of gloves (melded)
 D - a +0 buckler (worn)
 F - a +1 pair of boots (melded)
Jewellery
 i - an uncursed amulet of harm {unknown}
 k - an uncursed ring of flight
 m - an uncursed ring of magical power
 q - a ring of protection from magic (right branch)
 t - a ring of protection from cold (left branch)
Wands
 e - a wand of enslavement (18)
 o - a wand of iceblast (23)
 w - a wand of flame (33)
 y - a wand of paralysis (6)
 C - a wand of random effects (45)
 R - a wand of digging (23)
Scrolls
 g - a scroll of immolation
 n - 2 scrolls of identify
 v - a scroll of fog
 z - 7 scrolls of remove curse
 J - 2 scrolls of amnesia
Potions
 l - 2 potions of ambrosia
 G - 3 potions of flight
 I - a potion of lignification
Books
 L - a book of Air

   Spells                             Type                      Level
   a - Shock                          Conjuration/Air              1
   b - Swiftness                      Charms/Air                   2
   c - Static Discharge               Conjuration/Air              3
   d - Airstrike                      Air                          4
   e - Lightning Bolt                 Conjuration/Air              5
Comestibles
 c - 14 rations


   Skills:
 + Level 10.3 Fighting
 - Level 6.1 Short Blades
 + Level 7.5 Maces & Flails
   Level 3.0 Polearms
 + Level 9.7 Armour
 + Level 8.7 Dodging
 - Level 6.6 Stealth
 + Level 7.7 Shields


You had 11 spell levels left.
You didn't know any spells.

Dungeon Overview and Level Annotations

Branches:
Dungeon (11/15)            Temple (1/1) D:4            Lair (3/6) D:10
  Snake (0/4) Lair:2          Orc (0/2) D:10
  Swamp: Lair:2-4    Shoals: Lair:2-4

Altars:
Ashenzari
Cheibriados
Dithmenos
Elyvilon
Fedhas
Gozag
Hepliaklqana
Kikubaaqudgha
Makhleb
Nemelex Xobeh
Okawaru
Qazlal
Ru
Sif Muna
Trog
Uskayaw
Vehumet
Wu Jian
Xom
Yredelemnul
Zin
The Shining One

Shops:
D:4 *   D:7 [   D:10 (


Innate Abilities, Weirdness & Mutations

You cannot be hasted, slowed, berserked, paralysed or teleported.
You can dig through walls and to a lower floor.
Your four strong arms can wield two-handed weapons with a shield.
((You have a pair of large antennae on your head. (SInv)))


Message History

You sock the yak!
The yak is heavily wounded.
You feel sick. The yak gores you but does no damage.
You hit the yak.
The yak is heavily wounded.
You feel sick. The yak gores you but does no damage.
You sock the yak!
The yak is almost dead.
You feel sick. The yak gores you but does no damage.
A black mamba comes into view.
The black mamba hisses angrily.
You sock the yak!
You kill the yak!
Makhleb accepts your kill.
You feel better.
You feel sick.
You barely miss the yak.
You feel sick. The yak gores you!
You sock the yak!
The yak is moderately wounded.
The yak gores you.
You die...

.........#.#..##...P#
.........#....##....#
............####....#
..####P.##..#####...#
.## ####.(...(.#P###
## #........### .#
####.......Y# ##
##.##......YY## #
#....Y.P{...#♣#
####.......{...###
#...(......<.....#
..............#.##
..........#..####
#........P...P#
#.#.>........##
...##..<.....#
..P.P....#...#


You could see 3 yaks.

Vanquished Creatures
  A hydra (Lair:1)
  A two-headed ogre (D:9)
  Pikel (D:6)
  An ugly thing (D:8)
  A black mamba (Lair:2)
  Maurice (D:8)
  7 spiny frogs
  A gargoyle (D:8)
  2 komodo dragons (Lair:2)
  2 trolls
  A merfolk (D:9)
  A hippogriff (Lair:1)
  A dream sheep (shapeshifter) (D:9)
  2 wyverns
  A vampire (D:8)
  8 yaks
  A wraith (D:10)
  Eustachio (D:6)
  Grum (Lair:1)
  A basilisk (Lair:1)
  A hungry ghost (D:7)
  Edmund (D:4)
  Menkaure (D:4)
  A swamp worm (shapeshifter) (D:9)
  Duvessa (D:6)
  5 porcupines
  5 water moccasins
  2 black bears
  A sky beast (D:5)
  2 orc warriors (D:9)
  A slave (D:6)
  A phantom (D:8)
  3 ice beasts
  A necrophage (D:7)
  An ogre (D:7)
  11 wolves
  2 centaurs
  6 crocodiles
  2 big kobolds
  12 bullfrogs
  A wyvern zombie (D:10)
  5 scorpions
  Dowan (D:6)
  5 killer bees (D:7)
  9 wights
  8 howler monkeys
  4 crimson imps
  A quasit (D:7)
  4 hounds
  A jelly (D:10)
  5 orc priests
  Crazy Yiuf (D:7)
  3 bullfrog skeletons
  A centaur skeleton (D:8)
  An iguana (D:9)
  2 orc wizards
  12 worker ants
  A killer bee zombie (D:7)
  A hound zombie (D:7)
  Robin (D:4)
  A worker ant zombie (D:8)
  3 gnolls (D:2)
  12 adders
  4 river rats (D:3)
  2 shadow imps
  10 oozes (Sewer)
  3 adder skeletons
  An adder zombie (D:9)
  7 worms
  3 dart slugs (D:1)
  13 leopard geckos
  20 orcs
  16 ball pythons
  15 giant cockroaches
  12 goblins
  10 hobgoblins
  14 jackals
  5 quokkas
  5 bats
  14 frilled lizards
  17 kobolds
  A leopard gecko skeleton (D:8)
  11 rats
362 creatures vanquished.

Vanquished Creatures (collateral kills)
  3 wolves (Lair:1)
  A plant (Lair:1)
4 creatures vanquished.

Vanquished Creatures (others)
  A slave (D:6)
  An ogre (D:6)
  A fungus (Lair:2)
  4 plants (D:10)
7 creatures vanquished.

Grand Total: 373 creatures vanquished

Notes
Turn   | Place    | Note
-------+----------+-------------------------------------------
     0 | D:1      | Miyamura the Formicid Monk began the quest for the Orb.
     0 | D:1      | Reached XP level 1. HP: 18/18 MP: 1/1
   129 | D:1      | Reached XP level 2. HP: 24/24 MP: 2/2
   590 | D:1      | Reached skill level 1 in Armour
   590 | D:1      | Reached XP level 3. HP: 29/29 MP: 3/3
  1611 | D:2      | Reached XP level 4. HP: 14/37 MP: 4/4
  1791 | D:2      | Reached skill level 1 in Short Blades
  2145 | D:2      | Reached XP level 5. HP: 42/42 MP: 5/5
  2156 | D:2      | Reached skill level 4 in Fighting
  2280 | D:2      | Found a shadowy altar of Dithmenos.
  2602 | D:3      | Found a stormy altar of Qazlal.
  2602 | D:3      | Found an ornate altar of the Wu Jian Council.
  2602 | D:3      | Found a hide-covered altar of Uskayaw.
  2727 | D:3      | Reached XP level 6. HP: 27/48 MP: 6/6
  2775 | D:3      | Found a glowing drain.
  2780 | Sewer    | Entered a sewer
  3674 | Sewer    | Reached XP level 7. HP: 30/55 MP: 7/7
  3693 | Sewer    | HP: 2/55 [poisoned by an adder]
  4050 | D:3      | Found a burning altar of Makhleb.
  4265 | D:3      | Found a sparkling altar of Nemelex Xobeh.
  4326 | D:3      | Found a snail-covered altar of Cheibriados.
  4575 | D:4      | Reached skill level 5 in Fighting
  4575 | D:4      | Reached skill level 5 in Stealth
  4800 | D:4      | Found a sacrificial altar of Ru.
  4932 | D:4      | Found Leapnon's Assorted Antiques.
  5019 | D:4      | Noticed Menkaure
  5051 | D:5      | Entered Level 5 of the Dungeon
  5161 | D:5      | Reached XP level 8. HP: 50/62 MP: 8/8
  5415 | D:5      | Found a hazy altar of Hepliaklqana.
  5669 | D:5      | Found a basalt altar of Yredelemnul.
  6434 | D:4      | Noticed Robin
  6437 | D:4      | Found a sparkling altar of Nemelex Xobeh.
  6441 | D:4      | Found a staircase to the Ecumenical Temple.
  6475 | D:4      | Killed Robin
  6498 | D:4      | Killed Menkaure
  6498 | D:4      | Reached skill level 6 in Fighting
  6498 | D:4      | Reached skill level 5 in Dodging
  6758 | D:4      | Noticed Edmund
  6777 | D:4      | Killed Edmund
  6777 | D:4      | Reached XP level 9. HP: 42/69 MP: 9/9
  7319 | D:6      | Reached skill level 5 in Armour
  7409 | D:6      | Reached skill level 1 in Maces & Flails
  7475 | D:6      | Noticed Dowan
  7476 | D:6      | Noticed Duvessa
  7481 | D:6      | Killed Dowan
  7505 | D:6      | Killed Duvessa
  7730 | D:6      | Found the +3 crown of Dyrovepreva {rElec Int+2 SInv}
  7905 | D:6      | Noticed Eustachio
  7925 | D:6      | Killed Eustachio
  7925 | D:6      | Reached skill level 5 in Short Blades
  8096 | D:6      | Noticed Pikel
  8133 | D:6      | Killed Pikel
  8133 | D:6      | Reached skill level 7 in Fighting
  8320 | D:6      | Found a shattered altar of Ashenzari.
  8324 | D:6      | Saw a vision of the Shoals and the Snake Pit.
  8324 | D:6      | Noticed a shock serpent
  8324 | D:6      | Noticed a black mamba
  8324 | D:6      | Noticed a naga ritualist
  8324 | D:6      | Noticed a sea snake
  8324 | D:6      | Noticed a hippogriff
  8324 | D:6      | Noticed a merfolk
  8324 | D:6      | Noticed a sea snake
  8325 | D:6      | Noticed a naga mage
  8326 | D:6      | Noticed a black mamba
  8496 | D:7      | Reached XP level 10. HP: 64/79 MP: 10/10
  8902 | D:7      | Found a blossoming altar of Fedhas.
  9316 | D:7      | Found Mikh's Armour Emporium.
  9324 | D:7      | Bought a +0 buckler for 49 gold pieces
  9494 | D:7      | Reached skill level 1 in Shields
  9632 | D:7      | Found a runed door.
  9694 | D:7      | Noticed Crazy Yiuf
  9701 | D:7      | Killed Crazy Yiuf
  9802 | D:7      | Identified a scroll of acquirement
 10029 | Temple   | Entered the Ecumenical Temple
 10222 | D:3      | Became a worshipper of Makhleb the Destroyer
 10222 | D:3      | Reached * piety under Makhleb
 10222 | D:3      | Reached ** piety under Makhleb
 10557 | D:8      | Noticed Maurice
 10579 | D:8      | Killed Maurice
 11240 | D:8      | Found a glowing golden altar of the Shining One.
 11648 | D:8      | Reached skill level 8 in Fighting
 12000 | D:9      | Noticed a brown ugly thing
 12001 | D:9      | Noticed a gargoyle
 12025 | D:9      | Found a white marble altar of Elyvilon.
 12410 | D:9      | Noticed a swamp dragon
 12567 | D:9      | Reached XP level 11. HP: 79/87 MP: 11/11
 12578 | D:9      | Reached skill level 5 in Maces & Flails
 12695 | D:9      | Reached *** piety under Makhleb
 12975 | D:9      | Found an iron altar of Okawaru.
 12975 | D:9      | Found a basalt altar of Yredelemnul.
 13644 | D:8      | Killed a brown ugly thing
 13644 | D:8      | Reached skill level 5 in Shields
 13652 | D:8      | Reached skill level 9 in Fighting
 13810 | D:9      | Noticed a two-headed ogre
 13833 | D:9      | Killed a two-headed ogre
 14024 | D:10     | Entered Level 10 of the Dungeon
 14030 | D:10     | Found Bisek's Weapon Shop.
 14054 | D:10     | Found a staircase to the Lair.
 14327 | D:10     | Found a staircase to the Orcish Mines.
 14945 | D:10     | Noticed a two-headed ogre
 15304 | D:7      | Bought a +2 leather armour of poison resistance for 176 gold pieces
 15532 | Lair:1   | Entered Level 1 of the Lair of Beasts
 15755 | Lair:1   | Reached **** piety under Makhleb
 15950 | Lair:1   | Reached XP level 12. HP: 96/96 MP: 12/12
 16199 | Lair:1   | Noticed a four-headed hydra
 16200 | Lair:1   | Noticed Grum
 16228 | Lair:1   | Killed a four-headed hydra
 16259 | Lair:1   | Cast into level 1 of the Abyss (Grum)
 16333 | Lair:1   | Escaped the Abyss
 16338 | Lair:1   | Killed Grum
 16438 | Lair:1   | Noticed a seven-headed hydra
 16486 | Lair:1   | You fall through a shaft!
 16678 | Lair:2   | Found a staircase to the Snake Pit.
 16828 | Lair:2   | Reached skill level 10 in Fighting
 18220 | Lair:3   | HP: 7/147 [poisoned by a spiny frog]
 18226 | Lair:3   | HP: 4/147 [yak (7)]
 18227 | Lair:3   | Slain by a yak

Skill      XL: |  1  2  3  4  5  6  7  8  9 10 11 12 |
---------------+-------------------------------------+-----
Armour         | 1 2 3 4 6 7 8 9 |  9.7
Stealth        | 3 4 5 6 |  6.6
Dodging        | 3 4 5 6 8 |  8.7
Short Blades   | 1 2 3 4 5 6 |  6.1
Fighting       | 4 5 6 7 8 9 10 | 10.3
Maces & Flails | 2 4 6 7 |  7.5
Shields        | 3 6 7 |  7.7
Polearms       | |  3.0

Action                   |  1- 3 |  4- 6 |  7- 9 | 10-12 || total
-------------------------+-------+-------+-------+-------++-------
Melee: Spear             |    15 |       |       |       ||    15
       Short sword       |    61 |   298 |   316 |   122 ||   797
       Flail             |       |       |     1 |   683 ||   684
 Abil: Shaft Self        |       |       |       |     1 ||     1
Evoke: Wand              |       |       |       |     6 ||     6
  Use: Scroll            |       |     8 |     4 |    12 ||    24
       Potion            |       |     2 |     2 |    14 ||    18
 Stab: Sleeping          |     3 |     5 |    15 |    16 ||    39
       Distracted        |       |     1 |     1 |       ||     2
       Paralysed         |       |       |       |     7 ||     7
       Invisible         |       |       |       |     1 ||     1
  Eat: Chunk             |     2 |     7 |    12 |    15 ||    36
       Ration            |       |       |     1 |     6 ||     7
Armor: Robe              |    14 |    97 |    14 |       ||   125
       Chain mail        |       |     6 |       |    61 ||    67
       Ring mail         |       |       |    63 |   142 ||   205
       Troll leather arm |       |       |       |    90 ||    90
       Skin              |       |       |       |    25 ||    25
       Leather armour    |       |       |       |     9 ||     9
Dodge: Dodged            |    37 |   311 |   199 |   658 ||  1205
Block: Buckler           |       |       |       |   219 ||   219
